 Dungeon Crawl Stone Soup version 0.26-a0-438-g4b1dca4f87 (webtiles) character file.

Game seed: 11690006084218197401

800 Gargoyl the Skirmisher (level 7, -8/90 HPs)
             Began as a Gnoll Abyssal Knight on July 26, 2020.
             Was a Priest of Lugonu.
             Mangled by an ogre
             ... wielding a +0 giant spiked club
              (15 damage)
             ... on level 5 of the Dungeon.
             The game lasted 00:05:16 (2657 turns).

Gargoyl the Skirmisher (Gnoll Abyssal Knight)       Turns: 2657, Time: 00:05:17

Health: -8/90      AC: 23    Str: 18    XL:     7   Next: 90%
Magic:  11/11      EV:  2    Int: 14    God:    Lugonu [***...]
Gold:   202        SH:  0    Dex: 15    Spells: 11/11 levels left

rFire    . . .     SeeInvis .   f - +2 war axe (flame)
rCold    . . .     Faith    .   (no shield)
rNeg     + + +     Spirit   .   (armour currently unavailable)
rPois    +         Reflect  .   (helmet currently unavailable)
rElec    .         Harm     .   (cloak currently unavailable)
rCorr    .         NoTele   +   (gloves currently unavailable)
MR       .....                  (boots currently unavailable)
Stlth    ++........             (no amulet)
HPRegen  0.25/turn              (no ring)
MPRegen  0.12/turn              (no ring)

@: tree-form, stab, very slightly contaminated, invisible
A: distributed training, deterioration 1, strong 1, no potion heal 1, strong
nose
a: Depart the Abyss, Bend Space, Banish, Renounce Religion


You were on level 5 of the Dungeon.
You worshipped Lugonu.
Lugonu was most pleased with you.
You were a tree.
You visited 1 branch of the dungeon, and saw 5 of its levels.
You visited the Abyss 1 time.

You collected 202 gold pieces.

Inventory:

Hand Weapons
 a - a +1 hand axe
 f - a +2 war axe of flaming (weapon)
Armour
 b - a +2 ring mail of poison resistance (melded)
 g - a +0 cloak (melded)
 o - a +0 helmet (melded)
Wands
 n - a wand of acid (4)
 s - a wand of flame (14)
Scrolls
 e - 6 scrolls of remove curse
 p - 2 scrolls of magic mapping
 q - 2 scrolls of identify
Potions
 c - a potion of ambrosia
 h - a potion of degeneration
 m - 5 potions of curing


   Skills:
 + Level 7.1 Fighting
 + Level 2.7 Short Blades
 + Level 2.7 Long Blades
 + Level 5.4 Axes
 + Level 2.7 Maces & Flails
 + Level 2.7 Polearms
 + Level 2.7 Staves
 + Level 2.7 Slings
 + Level 2.7 Bows
 + Level 2.7 Crossbows
 + Level 2.7 Throwing
 + Level 5.4 Armour
 + Level 3.8 Dodging
 + Level 2.7 Stealth
 + Level 2.7 Shields
 + Level 2.7 Unarmed Combat
 + Level 2.7 Spellcasting
 + Level 2.2 Conjurations
 + Level 2.2 Hexes
 + Level 2.2 Summonings
 + Level 2.2 Necromancy
 + Level 2.2 Translocations
 + Level 2.2 Transmutations
 + Level 2.2 Fire Magic
 + Level 2.2 Ice Magic
 + Level 2.2 Air Magic
 + Level 2.2 Earth Magic
 + Level 2.2 Poison Magic
 + Level 5.5 Invocations
 + Level 2.7 Evocations


You had 11 spell levels left.
You didn't know any spells.
Your spell library was empty.

Dungeon Overview and Level Annotations

Branches:
Dungeon (5/15)
 Temple: D:4-7

Altars:
Ashenzari
Fedhas
Hepliaklqana
Qazlal
Sif Muna


Innate Abilities, Weirdness & Mutations

Your experience applies equally to all skills.
((You have very sharp teeth.))
Your uncanny sense of smell can sniff out nearby items.
Your body sometimes deteriorates upon taking damage.
Your muscles are strong. (Str +2)
Potions are less effective at restoring your health.


Message History

You slash the ogre! You burn the ogre.
An orc comes into view. It is wielding a +0 flail.
The ogre hits you with a +0 giant spiked club!
* * * LOW HITPOINT WARNING * * *
You barely miss the ogre.
The ogre is almost dead.
You barely miss the ogre. The ogre hits you but does no damage.
Unknown command.
You catch the helpless ogre completely off-guard!
You hit the ogre. You burn the ogre.
You kill the ogre!
Lugonu accepts your kill.
You feel your intelligence returning.
You hit the ogre. You burn the ogre.
The ogre hits you with a +0 giant spiked club!
* * * LOW HITPOINT WARNING * * *
It was a potion of stabbing.
You feel ready to backstab.
The ogre hits you with a +0 giant spiked club!
You die...

.# ∆ ..#
..#
#####.####
#.<......#
#........!
#.)......#
#♣).......
#O###.....
#o#####_##
Zo###.....
..........
.........#
.........#
.o........


You could see an ogre, an orc priest, an orc wizard, an orc (wandering) and a
hound skeleton.

Vanquished Creatures
  2 phantoms (D:4)
  2 ogres
  2 scorpions (D:4)
  3 orc priests
  Jessica (D:2)
  Terence (D:2)
  A worker ant (D:4)
  A hound skeleton (D:4)
  6 adders
  2 gnolls (D:4)
  2 worms
  4 dart slugs
  5 leopard geckos
  9 orcs
  2 ball pythons (D:4)
  6 giant cockroaches
  9 goblins
  9 hobgoblins
  8 jackals (D:1)
  4 kobolds
  2 quokkas
  13 bats
  8 frilled lizards
  10 rats
112 creatures vanquished.

Notes
Turn   | Place    | Note
-------+----------+-------------------------------------------
     0 | Abyss:1  | Gargoyl the Gnoll Abyssal Knight began the quest for the
                  | Orb.
     0 | Abyss:1  | Reached XP level 1. HP: 23/23 MP: 3/3
    96 | Abyss:2  | Noticed a wretched star
    98 | Abyss:2  | Noticed a small abomination
   128 | Abyss:3  | Noticed a neqoxec
   129 | Abyss:3  | Gained mutation: You expend magic power (3 MP) to
                  | strengthen your wands. [a neqoxec]
   130 | D:1      | Escaped the Abyss
   241 | D:1      | Reached XP level 2. HP: 29/29 MP: 5/5
   286 | D:1      | Reached * piety under Lugonu
   304 | D:1      | Reached XP level 3. HP: 30/35 MP: 6/6
   521 | D:1      | Reached skill level 1 in Short Blades
   521 | D:1      | Reached skill level 1 in Long Blades
   521 | D:1      | Reached skill level 1 in Maces & Flails
   521 | D:1      | Reached skill level 1 in Polearms
   521 | D:1      | Reached skill level 1 in Staves
   521 | D:1      | Reached skill level 1 in Slings
   521 | D:1      | Reached skill level 1 in Bows
   521 | D:1      | Reached skill level 1 in Crossbows
   521 | D:1      | Reached skill level 1 in Throwing
   521 | D:1      | Reached skill level 1 in Stealth
   521 | D:1      | Reached skill level 1 in Shields
   521 | D:1      | Reached skill level 1 in Unarmed Combat
   521 | D:1      | Reached skill level 1 in Spellcasting
   521 | D:1      | Reached skill level 1 in Evocations
   523 | D:1      | Reached ** piety under Lugonu
   725 | D:2      | Reached XP level 4. HP: 41/41 MP: 7/7
   849 | D:2      | Reached skill level 1 in Conjurations
   849 | D:2      | Reached skill level 1 in Hexes
   849 | D:2      | Reached skill level 1 in Summonings
   849 | D:2      | Reached skill level 1 in Necromancy
   849 | D:2      | Reached skill level 1 in Translocations
   849 | D:2      | Reached skill level 1 in Transmutations
   849 | D:2      | Reached skill level 1 in Fire Magic
   849 | D:2      | Reached skill level 1 in Ice Magic
   849 | D:2      | Reached skill level 1 in Air Magic
   849 | D:2      | Reached skill level 1 in Earth Magic
   849 | D:2      | Reached skill level 1 in Poison Magic
   909 | D:2      | Found a shimmering blue altar of Sif Muna.
   914 | D:2      | Found a blossoming altar of Fedhas.
   914 | D:2      | Found a stormy altar of Qazlal.
  1112 | D:2      | Noticed Jessica
  1113 | D:2      | Noticed Terence
  1117 | D:2      | Killed Terence
  1117 | D:2      | Reached XP level 5. HP: 47/47 MP: 8/8
  1119 | D:2      | Killed Jessica
  1758 | D:3      | Reached *** piety under Lugonu
  1760 | D:3      | Reached skill level 5 in Invocations
  1959 | D:3      | Reached XP level 6. HP: 47/53 MP: 9/9
  2005 | D:3      | Found a hazy altar of Hepliaklqana.
  2192 | D:4      | Reached skill level 5 in Axes
  2192 | D:4      | Reached skill level 5 in Armour
  2295 | D:4      | Noticed a phantom
  2311 | D:4      | Killed a phantom
  2311 | D:4      | Reached XP level 7. HP: 54/59 MP: 10/10
  2317 | D:4      | Lost mutation: You expend magic power (3 MP) to strengthen
                  | your wands. [potion of mutation]
  2317 | D:4      | Gained mutation: You are dopey. (Int -2) [potion of
                  | mutation]
  2317 | D:4      | Lost mutation: You are dopey. (Int -2) [potion of mutation]
  2318 | D:4      | Gained mutation: Potions are less effective at restoring
                  | your health. [potion of mutation]
  2318 | D:4      | Gained mutation: Your body sometimes deteriorates upon
                  | taking damage. [potion of mutation]
  2318 | D:4      | Gained mutation: Your muscles are strong. (Str +2) [potion
                  | of mutation]
  2341 | D:4      | Reached skill level 7 in Fighting
  2611 | D:5      | Entered Level 5 of the Dungeon
  2611 | D:5      | Found a shattered altar of Ashenzari.
  2657 | D:5      | Mangled by an ogre

Illustrated notes

Levels and vault maps discovered:
D:1:      eino_arrival_druids_welcome, layout_rooms
D:2:      layout_basic, grunt_temple_overflow_open, uniq_terence, uniq_jessica
D:3:      layout_rooms, marbit_many_paths, st_stairs_5, minmay_between
D:4:      layout_gridville
D:5:      layout_rooms, cheibrodos_ashenzari_chains, slow_altar_2,
          kennysheep_mini

Skill      XL: |  1  2  3  4  5  6  7 |
---------------+----------------------+-----
Short Blades   | 1 2 |  2.7
Long Blades    | 1 2 |  2.7
Maces & Flails | 1 2 |  2.7
Polearms       | 1 2 |  2.7
Staves         | 1 2 |  2.7
Slings         | 1 2 |  2.7
Bows           | 1 2 |  2.7
Crossbows      | 1 2 |  2.7
Throwing       | 1 2 |  2.7
Stealth        | 1 2 |  2.7
Shields        | 1 2 |  2.7
Unarmed Combat | 1 2 |  2.7
Spellcasting   | 1 2 |  2.7
Evocations     | 1 2 |  2.7
Conjurations   | 1 2 |  2.2
Hexes          | 1 2 |  2.2
Summonings     | 1 2 |  2.2
Necromancy     | 1 2 |  2.2
Translocations | 1 2 |  2.2
Transmutations | 1 2 |  2.2
Fire Magic     | 1 2 |  2.2
Ice Magic      | 1 2 |  2.2
Air Magic      | 1 2 |  2.2
Earth Magic    | 1 2 |  2.2
Poison Magic   | 1 2 |  2.2
Dodging        | 3 |  3.8
Invocations    | 5 |  5.5
Axes           | 5 |  5.4
Armour         | 5 |  5.4
Fighting       | 7 |  7.1

Action                   |  1- 3 |  4- 6 |  7- 9 || total
-------------------------+-------+-------+-------++-------
Melee: War axe           |    69 |   118 |    41 ||   228
       Bite              |    12 |     7 |     3 ||    22
       Punch             |       |     1 |       ||     1
Invok: Depart the Abyss  |     1 |       |       ||     1
  Use: Scroll            |     3 |     4 |     5 ||    12
       Potion            |       |       |     8 ||     8
 Stab: Sleeping          |       |     1 |       ||     1
       Invisible         |       |       |     3 ||     3
Armor: Plate armour      |    24 |       |       ||    24
       Ring mail         |    55 |    50 |    20 ||   125
       Skin              |       |       |     7 ||     7
Dodge: Dodged            |    79 |    96 |    31 ||   206

Table legend: (Time is in decaauts)
 A = Elapsed time spent in this place.
 B = Non-inter-level travel time spent in this place.
 C = Inter-level travel time spent in this place.
 D = Time resting spent in this place.
 E = Time spent auto-exploring this place.
 F = Levels seen in this place.
 G = Mean time per level.
                   A        B        C        D        E       F      G
               +--------+--------+--------+--------+--------+-----+--------+
         Total |   2713 |   2649 |     64 |     29 |   1737 |   8 |  339.1 |
       Dungeon |   2585 |   2521 |     64 |     29 |   1685 |   5 |  517.0 |
         Abyss |    128 |    128 |      0 |      0 |     52 |   3 |   42.7 |
               +--------+--------+--------+--------+--------+-----+--------+

Top non-repeatable levels by time:
     D:2: 787 daAuts
     D:3: 643 daAuts
     D:1: 611 daAuts
     D:4: 495 daAuts
 Abyss:2: 63 daAuts
     D:5: 47 daAuts
 Abyss:1: 41 daAuts
 Abyss:3: 24 daAuts
